 Dungeon Crawl Stone Soup version 0.30-a0-223-gcb0039aa0c (webtiles) character file.

Game seed: 10645892817812014381

377 greasedhog the Trooper (level 6, -6/40 HPs)
             Began as a Gargoyle Chaos Knight on Oct 9, 2022.
             Was a Plaything of Xom.
             Mangled by Grinder the red devil (10 damage)
             ... on level 4 of the Dungeon.
             The game lasted 00:06:13 (2742 turns).

greasedhog the Trooper (Gargoyle Chaos Knight)      Turns: 2742, Time: 00:06:14

Health: -6/40      AC: 15    Str: 18    XL:     6   Next: 73%
Magic:  6/6        EV: 11    Int: 12    God:    Xom [...*..]
Gold:   224        SH:  0    Dex:  7    Spells: 5/5 levels left

rFire   . . .      SeeInvis .    a - +0 mace (chaos)
rCold   . . .      Faith    .    (no shield)
rNeg    + . .      Spirit   .    b - +3 leather armour
rPois   ∞          Reflect  .    (no helmet)
rElec   +          Harm     .    (no cloak)
rCorr   .          Rampage  .    g - +0 pair of gloves
Will    .....                    (no boots)
Stlth   +.........               (no amulet)
HPRegen 0.26/turn                i - +4 ring of protection
MPRegen 0.10/turn                (no ring)

@: flying
A: sickness immunity, AC +4, negative energy resistance 1, electricity
resistance, torment resistance 1, petrification resistance, hooves 1, clumsy 1,
screaming 1, subdued magic 1
a: Renounce Religion


You were on level 4 of the Dungeon.
You worshipped Xom.
You were a favourite toy of Xom.
You visited 1 branch of the dungeon, and saw 4 of its levels.

You collected 224 gold pieces.

Inventory:

Hand Weapons
 a - a +0 mace of chaos (weapon)
Armour
 b - a +3 leather armour (worn)
 g - a +0 pair of gloves (worn)
Jewellery
 i - a +4 ring of protection (left hand)
Scrolls
 e - a scroll of immolation
 f - a scroll of magic mapping
 h - a scroll of fear
 m - a scroll of enchant armour
Potions
 d - a potion of brilliance
Miscellaneous
 c - a piece from Xom's chessboard (15/15) (quivered)


   Skills:
 - Level 5.1 Fighting
 * Level 4.8 Maces & Flails
 * Level 2.5 Armour
 * Level 3.2 Dodging


You had 5 spell levels left.
You didn't know any spells.
Your spell library contained the following spells:

 Spells                   Type           Power      Damage    Failure   Level
 Ignite Poison            Fire/Tmut/Pois 0%         N/A       71%         3
 Sticky Flame             Conj/Fire      0%         2d3       98%         4
 Ignition                 Fire           0%         3d3       100%        8


Dungeon Overview and Level Annotations

Branches:
Dungeon (4/15)
 Temple: D:4-7

Altars:
Cheibriados

Shops:
D:1 (

Annotations:
D:4 3 runed translucent doors, Grinder; baller8008's ghost, amateur DrFi


Innate Abilities, Weirdness & Mutations

You are immune to sickness and miasma.
Your stone body is resilient. (AC +4)
You are immune to poison.
You resist negative energy. (rN+)
You are resistant to electric shocks. (rElec)
You are resistant to unholy torment.
You are immune to petrification.
You have large cloven feet.
You are clumsy. (Dex -2)
You occasionally shout uncontrollably at your foes.
Your spells are a little easier to cast, but a little less powerful.


Message History

Found 2 boomerangs.
Found a stone staircase leading down.
Found an escape hatch in the floor.
Grinder comes into view.
Grinder shouts! "Hum-dee-hum-dee-hum..."
Grinder evaporates and reforms as a hell beast!
Grinder is nearby!
It was a potion of flight.
You feel very buoyant.
You fly up into the air.
Grinder roars, "Away with thee, thou twisted folly-fallen gonus!"
Grinder barely misses you.
Grinder tramples you but does no damage.
You hit Grinder. You freeze Grinder. Your kick misses Grinder.
Grinder is lightly wounded.
Grinder bites you!!
Ouch! That really hurt!
Grinder barely misses you. Grinder misses you.
Grinder tramples you but does no damage.
You hit Grinder. You kick Grinder, but do no damage.
Grinder is lightly wounded.
Grinder bites you! Grinder tramples you!
* * * LOW HITPOINT WARNING * * *
You hold your ground!
You hit Grinder but do no damage.
Grinder is lightly wounded.
Grinder bites you but does no damage. Grinder tramples you.
* * * LOW HITPOINT WARNING * * *
You hold your ground!
Grinder barely misses you.
Grinder tramples you but does no damage.
You hit Grinder but do no damage.
Grinder the hell beast evaporates and reforms as a red devil!
You kick Grinder, but do no damage. Grinder barely misses you.
Unknown command.
You hit Grinder but do no damage. Lightning courses through Grinder!!
Your kick misses Grinder.
Grinder is severely wounded.
Grinder hits you!
You die...
Xom bursts into laughter!

.# ....# ### .# ...
..... ..# .#########
#.# #.#.# #.###
.........# #.# #.#.#
#... .#######.# #.#
#.#.####.######. .#
#.# #.#
#.#.2..2..(..>.. ##
#.# #.#
#.#.####.###.##. #.#
#.###.#.# #.#
#.####.##@4..# #.#
#.##.........# #.#
#.##.#............#
#.##.#######.##.#.#
#.##.# #.# ##.
#.##.#######.#
#######............#
##...........########
...###+++###..########


You could see Grinder the red devil.

Vanquished Creatures
  Sigmund (D:3)
  A scorpion (D:4)
  Natasha (twice) (D:2)
  5 adders
  A worm (D:2)
  A dart slug (D:3)
  An orc (D:3)
  9 ball pythons
  7 endoplasms
  2 giant cockroaches
  6 hobgoblins
  2 quokkas (D:1)
  10 bats
  6 frilled lizards
  5 goblins
  7 kobolds
  2 rats
68 creatures vanquished.

Vanquished Creatures (others)
  6 plants (D:2)
6 creatures vanquished.

Grand Total: 74 creatures vanquished

Notes
Turn   | Place    | Note
-------+----------+-------------------------------------------
     0 | D:1      | greasedhog the Gargoyle Chaos Knight began the quest for
                  | the Orb.
     0 | D:1      | Reached XP level 1. HP: 14/14 MP: 1/1
    16 | D:1      | XOM: silly message
    85 | D:1      | Reached skill level 1 in Dodging
    88 | D:1      | Found a faded altar of an unknown god.
    95 | D:1      | Reached XP level 2. HP: 19/19 MP: 2/2
   461 | D:1      | XOM: cloud trail
   471 | D:1      | Found Vuydgh's Weapon Emporium.
   741 | D:2      | Reached XP level 3. HP: 23/24 MP: 3/3
   756 | D:2      | Noticed Natasha
   756 | D:2      | XOM: summons 4 hostile shadow creatures
   776 | D:2      | Killed Natasha
   851 | D:2      | Reached skill level 4 in Fighting
   912 | D:2      | Reached XP level 4. HP: 29/29 MP: 4/4
  1338 | D:2      | Noticed Natasha
  1347 | D:2      | XOM: summons friendly ufetubus
  1349 | D:2      | Killed Natasha
  1350 | D:2      | Reached XP level 5. HP: 24/34 MP: 5/5
  1705 | D:3      | Found a snail-covered altar of Cheibriados.
  1769 | D:3      | Noticed Sigmund
  1775 | D:3      | Gained mutation: You have large cloven feet. [potion of
                  | mutation]
  1775 | D:3      | Gained mutation: Your spells are a little easier to cast,
                  | but a little less powerful. [potion of mutation]
  1775 | D:3      | Gained mutation: You have hidden genetic defects. [potion
                  | of mutation]
  1778 | D:3      | XOM: enchant monster (good)
  2031 | D:3      | Gained mutation: You occasionally shout uncontrollably at
                  | your foes. [hidden defects]
  2038 | D:3      | XOM: cast spell 'Cause Fear'
  2042 | D:3      | XOM: smoke on damage
  2049 | D:3      | Killed Sigmund
  2050 | D:3      | Reached skill level 5 in Fighting
  2050 | D:3      | Reached XP level 6. HP: 26/40 MP: 6/6
  2065 | D:3      | Gained mutation: You are clumsy. (Dex -2) [hidden defects]
  2065 | D:3      | Lost mutation: You have hidden genetic defects. [hidden
                  | defects expressed]
  2624 | D:4      | Found a runed translucent gate.
  2624 | D:4      | Found a runed translucent gate.
  2628 | D:4      | Found a runed translucent gate.
  2658 | D:4      | Noticed baller8008's ghost (amateur DrFi)
  2727 | D:4      | Noticed Grinder
  2727 | D:4      | Grinder changed into Grinder the hell beast
  2727 | D:4      | Noticed Grinder
  2727 | D:4      | XOM: polymorph Grinder -> Grinder the hell beast
  2741 | D:4      | Grinder the hell beast changed into Grinder the red devil
  2741 | D:4      | Noticed Grinder
  2742 | D:4      | Mangled by Grinder the red devil

Illustrated notes

Levels and vault maps discovered:
D:1:      minmay_arrival_radiant_lines, layout_basic, serial_shops,
          nicolae_shop_bloodbath_and_beyond, hellmonk_ecumenical_altar_blasted
D:2:      layout_loops_cross, serial_bayou_pond_c, amcnicky_mini_pool_small,
          st_stairs_5, uniq_natasha
D:3:      layout_loops_ring, nicolae_overflow_crystal_walls, patterned_corridor,
          uniq_sigmund
D:4:      layout_loops_ring, fedhas_altar_2, nicolae_sif_muna_condensation,
          gammafunk_ghost_icy, kennysheep_cluttered_room, uniq_grinder

Skill      XL: |  1  2  3  4  5 |
---------------+----------------+-----
Dodging        | 1 2 3 |  3.2
Fighting       | 4 5 |  5.1
Maces & Flails | 4 |  4.8
Armour         | |  2.5

Action                   |  1- 3 |  4- 6 || total
-------------------------+-------+-------++-------
Melee: Mace              |   104 |   136 ||   240
       Kick              |       |    11 ||    11
  Use: Scroll            |     3 |     5 ||     8
       Potion            |       |     5 ||     5
Armor: Leather armour    |    49 |    67 ||   116
Dodge: Dodged            |    81 |    81 ||   162

Table legend: (Time is in decaauts)
 A = Elapsed time spent in this place.
 B = Non-inter-level travel time spent in this place.
 C = Inter-level travel time spent in this place.
 D = Time resting spent in this place.
 E = Time spent auto-exploring this place.
 F = Levels seen in this place.
 G = Mean time per level.
                   A        B        C        D        E       F      G
               +--------+--------+--------+--------+--------+-----+--------+
         Total |   2794 |   2583 |    211 |     79 |   1866 |   4 |  698.5 |
       Dungeon |   2794 |   2583 |    211 |     79 |   1866 |   4 |  698.5 |
               +--------+--------+--------+--------+--------+-----+--------+

Top non-repeatable levels by time:
     D:3: 952 daAuts
     D:2: 938 daAuts
     D:1: 743 daAuts
     D:4: 161 daAuts
